 Dungeon Crawl Stone Soup version 0.29.1-12-g30fa7ad0bf (webtiles) character file.

Game seed: 8294050642341808938

516 hawla the Magician (level 7, -17/48 (52) HPs)
             Began as a Meteoran Ice Elementalist on Jan 9, 2023.
             Demolished by a wight
             ... wielding a +7 battleaxe of freezing
              (25 damage)
             ... on level 7 of the Dungeon.
             The game lasted 00:04:43 (706 turns).

hawla the Magician (Meteoran Ice Elementalist)       Turns: 706, Time: 00:04:43

HP:   -17/48 (52)   AC:  2    Str:  9    XL:     7   Next: 73%
MP:   15/18         EV: 14    Int: 19    God:
Gold: 138           SH:  0    Dex: 25    Spells: 16/20 levels left

rFire   . . .      SeeInvis .   d - +4 rapier "Toing" {freeze, rElec Dex+4}
rCold   . . .      Faith    .   (no shield)
rNeg    . . .      Spirit   .   a - +0 robe
rPois   .          Reflect  .   (no helmet)
rElec   +          Harm     .   (no cloak)
rCorr   .          Rampage  .   (no gloves)
Will    .....                   (no boots)
Stlth   +.........              (no amulet)
HPRegen 0.16/turn               e - +6 ring of dexterity
MPRegen 0.16/turn               (no ring)

@: freezing walls, glowing, drained
A: sense surroundings 1, otherworldly, glowing, explore regen
a: no special abilities


You were on level 7 of the Dungeon.
You visited 1 branch of the dungeon, and saw 6 of its levels.

You collected 138 gold pieces.

Inventory:

Hand Weapons
 d - the +4 rapier "Toing" (weapon) {freeze, rElec Dex+4}
   (You found it on level 2 of the Dungeon)

   It freezes those it strikes, dealing additional cold damage.
   It can also slow down cold-blooded creatures.
   Dex:       It affects your dexterity (+4).
   rElec:     It insulates you from electricity.
Armour
 a - a +0 robe (worn)
Jewellery
 e - a +6 ring of dexterity (left hand)
Scrolls
 c - a scroll of fog {unknown}
 f - a scroll of identify
Potions
 b - a potion of magic
 g - a potion of attraction {unknown}


   Skills:
 + Level 1.0 Fighting
 + Level 1.1 Short Blades
 + Level 3.0 Dodging
 + Level 1.4 Stealth
 + Level 7.1 Spellcasting
 + Level 6.4 Ice Magic


You had 16 spell levels left.
You knew the following spells:

 Your Spells              Type           Power      Damage    Failure   Level
a - Freeze                Ice            100%       1d11      1%          1
b - Frozen Ramparts       Ice            62%        1d10      2%          3

Your spell library contained the following spells:

 Spells                   Type           Power      Damage    Failure   Level
 Ozocubu's Armour         Ice            31%        N/A       2%          3
 Hailstorm                Conj/Ice       19%        3d6       26%         4


Dungeon Overview and Level Annotations

Branches:
Dungeon (7/15) Zot: 2890
 Temple: D:4-7

Altars:


Innate Abilities, Weirdness & Mutations

You passively map a small area around you.
You are easily found by Zot.
You glow in the dark.
You regain HP and MP as you explore.


Message History

You kill the kobold!
The wall freezes the orc.
You kill the orc!
You hit the kobold brigand. You freeze the kobold brigand.
The kobold brigand is severely wounded.
The wall freezes the kobold brigand.
The kobold brigand hits you with a +0 whip!
A kobold comes into view. It is wielding a +0 club.
The wall freezes the wight but does no damage.
The kobold shouts!
You hit the kobold brigand. You freeze the kobold brigand.
You kill the kobold brigand!
The wight resists.
The wall freezes the wight.
The wight resists.
The wall freezes the wight.
Your Spellcasting skill increases to level 7!
You aren't carrying any items that you can evoke.
You barely miss the wight.
The wight is lightly damaged.
The wall freezes the wight but does no damage.
The wight hits you with a +7 battleaxe of freezing!
You feel drained. The wight freezes you.
The wight resists.
The wall freezes the wight.
Unknown command.
You closely miss the wight.
The wight is lightly damaged.
The wight resists.
The wall freezes the wight.
The wight barely misses you.
The wall freezes the wight but does no damage.
The wight hits you with a +0 battleaxe!
* * * LOW HITPOINT WARNING * * *
You feel drained.
* * * LOW HITPOINT WARNING * * *
The wall freezes the orc wizard.
The orc wizard mumbles some strange words.
The orc wizard flickers and vanishes!
Deactivating autopickup; reactivate with Ctrl-A.
The wight resists.
The wall freezes the wight.
The wight barely misses you.
The wight resists.
The wall freezes the wight.
The wight hits you with a +7 battleaxe of freezing!!
Ouch! That really hurt!
You die...

####.#.# *,,,,,*
.....#.###########***,*
####.............# *,*
............##*#.#
**,*********
####.#.####.# #.#
*,,,,,,,,,,*** # #.#.#
#.# #.# *,****,,,,,,,,
####.#.# #.# #.#
*,*,,,,,,,,,** .......#
#.# #.# *,*,**,,,,,,**
####...# #.#
##@##*,*,**,,,,,,,, #
##†## #.#
#.zz#*,*,****,***** #
#.# #.# ##.##*,*,* *,* #
#.# #.# #{# *,*,* *,*
#####.#####.####K###.#.*
*,*
...........z....Ko.o...#
*,***
.########...z.....o....#
*,,,* .##
#.######.##.##.# ***,*
..## #.# #.#*.#*,* *,*


You could see 2 wights, an orc and 2 kobolds.

Vanquished Creatures
  A water moccasin (D:7)
  A kobold brigand (D:7)
  A bullfrog (D:7)
  2 scorpions
  A necrophage (D:7)
  An iguana (D:4)
  An orc wizard (D:7)
  An adder (D:4)
  2 worms (D:2)
  5 orcs (D:7)
  3 ball pythons
  2 bats (D:2)
  A giant cockroach (D:2)
  A goblin (D:4)
  3 hobgoblins (D:2)
  A frilled lizard (D:2)
  3 kobolds
  A rat (D:3)
31 creatures vanquished.

Notes
Turn   | Place    | Note
-------+----------+-------------------------------------------
     0 | D:1      | hawla the Meteoran Ice Elementalist began the quest for the
                  | Orb.
     0 | D:1      | Reached XP level 1. HP: 14/14 MP: 5/5
    75 | D:2      | Reached XP level 2. HP: 9/20 MP: 1/6
    89 | D:2      | Found a faded altar of an unknown god.
   154 | D:2      | Reached XP level 3. HP: 21/26 MP: 0/8
   158 | D:2      | Learned a level 3 spell: Frozen Ramparts
   163 | D:2      | Reached skill level 3 in Spellcasting
   215 | D:2      | Identified the +4 rapier "Toing" {freeze, rElec Dex+4}
   292 | D:4      | Noticed a scorpion
   301 | D:4      | Killed a scorpion
   302 | D:4      | Reached skill level 4 in Spellcasting
   302 | D:4      | Reached skill level 5 in Ice Magic
   302 | D:4      | Reached XP level 4. HP: 33/34 MP: 2/11
   302 | D:4      | Reached XP level 5. HP: 38/39 MP: 2/12
   491 | D:4      | You fall into a shaft and drop 3 floors!
   510 | D:7      | Noticed a bullfrog
   520 | D:7      | Reached skill level 5 in Spellcasting
   520 | D:7      | Reached XP level 6. HP: 46/46 MP: 6/14
   614 | D:7      | Noticed a water moccasin
   618 | D:7      | Killed a water moccasin
   619 | D:7      | Reached skill level 6 in Spellcasting
   619 | D:7      | Reached XP level 7. HP: 47/51 MP: 11/17
   656 | D:7      | Reached skill level 1 in Fighting
   656 | D:7      | Reached skill level 1 in Short Blades
   705 | D:7      | Reached skill level 7 in Spellcasting
   706 | D:7      | Demolished by a wight

Illustrated notes

Levels and vault maps discovered:
D:1:      psy_arrival_spokes, layout_loops_corners, serial_rivers,
          chequers_serial_rivers_small_3, chequers_serial_rivers_small_3,
          chequers_serial_rivers_micro_b, chequers_serial_rivers_micro_c
D:2:      layout_basic, chequers_ecumenical_altar_island, minivault_23,
          minmay_pentomino_pile
D:3:      layout_loops_ring
D:4:      layout_rooms, minmay_temple_entry_hall
D:6:      gammafunk_wand_slinger, layout_cave_pools,
          mainiacjoe_overflow_24_doors, portal_sewer_entry_c,
          minmay_fractal_squares_diagonal_5
D:7:      layout_loops_ring

Skill      XL: |  1  2  3  4  5  6  7 |
---------------+----------------------+-----
Spellcasting   | 4 5 6 7 |  7.1
Ice Magic      | 5 6 |  6.4
Dodging        | 3 |  3.0
Fighting       | 1 |  1.0
Short Blades   | 1 |  1.1
Stealth        | |  1.4

Action                   |  1- 3 |  4- 6 |  7- 9 || total
-------------------------+-------+-------+-------++-------
Melee: Unarmed           |     4 |       |       ||     4
       Rapier            |       |    12 |    10 ||    22
 Cast: Freeze            |    25 |     8 |       ||    33
       Frozen Ramparts   |     2 |     7 |     1 ||    10
  Use: Scroll            |     1 |     1 |       ||     2
Armor: Robe              |     8 |     1 |       ||     9
Dodge: Dodged            |    17 |     9 |     7 ||    33
